AoeStats
← bumbsbomba74

Arabia

509903548Analyzed
3v3 RM · 4d ago on Sep 28, 2026· 58m 15s· 6 players
Game mode
Random Map
Map size
Normal (6 player)
Population
200
Speed
Normal
Resources
Standard
Victory
Conquest
Starting age
Dark Age
Ending age
Imperial Age
RankedLock teamsTeams togetherTeam positionsShared explorationLock speedFull tech treeHidden civsTurbo modeCheats
Victory
Defeat
🇩🇪 Franks · Germany
1280
+14
🇩🇪 Britons · Germany
1186
+18
🇩🇪 Huns · Germany
1169
+18
🇪🇸 Saxons · Spain
1380
-23
🇻🇪 Varangians · Venezuela
1263
-18
🇨🇴 Romans · Colombia
1024
-9
bumbsbomba74
7:07 Loom
9:09 Feudal Age
9:51 Double-Bit Axe
13:38 Fletching
20:57 Castle Age
19:07 Horse Collar
20:35 Padded Archer Armor
21:49 Bodkin Arrow
22:23 Bow Saw
24:00 Husbandry
25:17 Bloodlines
25:18 Gold Mining
26:24 Ballistics
32:08 Wheelbarrow
35:18 Imperial Age
33:36 Gold Shaft Mining
34:58 Leather Archer Armor
36:05 Bracer
37:07 Chemistry
35:52 Heavy Cavalry Archer
37:05 Thumb Ring
39:01 Hand Cart
43:33 Heavy Plow
43:40 Scale Barding Armor
44:41 Chain Barding Armor
44:32 Forging
44:58 Light Cavalry
46:15 Plate Barding Armor
46:07 Hussar
51:08 Two-Man Saw
49:54 Town Watch
51:27 Iron Casting
51:42 Conscription
53:11 Blast Furnace
56:57 Masonry
drive
7:05 Loom
9:21 Feudal Age
11:34 Double-Bit Axe
13:48 Scale Barding Armor
18:08 Forging
23:07 Castle Age
21:19 Gold Mining
23:59 Husbandry
23:19 Light Cavalry
26:17 Iron Casting
27:19 Bow Saw
29:22 Chain Barding Armor
31:03 Wheelbarrow
32:06 Stone Mining
36:24 Hand Cart
40:10 Imperial Age
38:23 Ballistics
39:02 Gold Shaft Mining
39:28 Scale Mail Armor
39:00 Pikeman
39:41 Squires
39:45 Fletching
40:27 Halberdier
40:36 Cavalier
42:04 Conscription
44:00 Herbal Medicine
43:50 Paladin
47:45 Chivalry
53:49 Hoardings
54:55 Plate Barding Armor
55:21 Blast Furnace
56:29 Coinage
Panda
7:42 Loom
10:32 Feudal Age
13:11 Fletching
14:16 Padded Archer Armor
23:12 Castle Age
24:07 Crossbowman
33:27 Ballistics
34:01 Double-Bit Axe
33:58 Horse Collar
38:46 Bodkin Arrow
46:45 Leather Archer Armor
56:51 Wheelbarrow
Matasariano9065
8:57 Feudal Age
7:48 Loom
15:09 Horse Collar
15:35 Fletching
16:46 Padded Archer Armor
23:40 Castle Age
22:40 Gold Mining
22:54 Double-Bit Axe
23:58 Crossbowman
25:06 Bodkin Arrow
28:31 Ballistics
31:54 Leather Archer Armor
40:25 Imperial Age
37:39 Elite Skirmisher
39:54 Forging
39:45 Scale Mail Armor
43:28 Wheelbarrow
44:55 Chain Mail Armor
45:16 Iron Casting
45:53 Gold Shaft Mining
46:29 Plate Mail Armor
46:24 Conscription
48:08 Chemistry
53:52 Elite Hearth Troop
54:15 Shield Wall
tonydf3
9:57 Feudal Age
14:29 Castle Age
20:04 Loom
29:39 Ballistics
32:24 Wheelbarrow
32:14 Scale Mail Armor
39:25 Chain Mail Armor
42:30 Imperial Age
40:59 Hand Cart
44:30 Squires
43:51 Pikeman
51:46 Halberdier
52:36 Double-Bit Axe
54:33 Chemistry
56:34 Forging
aurelio
6:27 Loom
8:55 Feudal Age
9:51 Double-Bit Axe
13:54 Bloodlines
16:06 Scale Barding Armor
17:04 Forging
22:12 Castle Age
20:57 Horse Collar
23:29 Chain Barding Armor
24:21 Husbandry
26:13 Bow Saw
26:03 Heavy Plow
26:46 Wheelbarrow
38:23 Vendel Legacy
45:14 Imperial Age
45:18 Cavalier
46:35 Iron Casting
46:36 Plate Barding Armor
49:27 Light Cavalry
51:41 Blast Furnace
50:44 Hussar
Connection lost

Rejoining the realm…

Still unreachable

The connection could not be restored.

Session expired

The server has moved on; the page needs a fresh start.